 Dungeon Crawl Stone Soup version 0.30-a0-802-gb92711bcdf (webtiles) character file.

Game seed: 9327213042900957964

252 cforsyth the Sneak (level 6, -2/38 HPs)
             Began as a Kobold Brigand on Feb 25, 2023.
             Killed from afar by an orc wizard (7 damage)
             ... with a magic dart
             ... on level 4 of the Dungeon.
             The game lasted 00:03:29 (2777 turns).

cforsyth the Sneak (Kobold Brigand)                 Turns: 2777, Time: 00:03:29

Health: -2/38      AC:  4    Str:  9      XL:     6   Next: 36%
Magic:  6/6        EV: 16    Int: 10 (12) God:
Gold:   154        SH:  0    Dex: 18      Spells: 5/5 levels left

rFire   . . .      SeeInvis .    r - +1 short sword (speed)
rCold   . . .      Faith    .    (no shield)
rNeg    . . .      Spirit   .    b - +0 robe
rPois   .          Reflect  .    (no helmet)
rElec   .          Harm     .    c - +1 cloak
rCorr   .          Rampage  .    (no gloves)
Will    .....                    (no boots)
Stlth   +++++                    (no amulet)
HPRegen 0.26/turn                (no ring)
MPRegen 0.10/turn                (no ring)

@: no status effects
A: small, no large weapons, nightstalker 3
a: no special abilities


You were on level 4 of the Dungeon.
You visited 1 branch of the dungeon, and saw 4 of its levels.

You collected 154 gold pieces.

Inventory:

Hand Weapons
 a - a +2 dagger
 r - a +1 short sword of speed (weapon)
Missiles
 d - 20 poisoned darts (quivered)
 e - 3 curare-tipped darts
Armour
 b - a +0 robe (worn)
 c - a +1 cloak (worn)
Wands
 i - a wand of charming (12)
Scrolls
 g - 2 scrolls of teleportation {unknown}
 h - a scroll of poison {unknown}
 j - 3 scrolls of enchant armour
 l - a scroll of torment {unknown}
 q - a scroll of noise {unknown}
Potions
 k - a potion of degeneration
 o - a potion of attraction {unknown}
 p - a potion of haste {unknown}
 s - a potion of lignification {unknown}


   Skills:
 + Level 3.9 Fighting
 + Level 4.7 Short Blades
 - Level 2.1 Throwing
 + Level 3.6 Dodging
 + Level 6.8 Stealth


You had 5 spell levels left.
You didn't know any spells.
Your spell library contained the following spells:

 Spells                   Type           Power      Damage    Failure   Level
 Apportation              Tloc           0%         N/A       36%         1
 Foxfire                  Conj/Fire      0%         2x1d4     36%         1
 Freeze                   Ice            0%         1d3       36%         1
 Sublimation of Blood     Necr           0%         N/A       50%         2
 Wereblood                Tmut           0%         N/A       50%         2
 Dazzling Flash           Conj/Hex       0%         N/A       75%         3
 Frozen Ramparts          Ice            0%         1d1       75%         3
 Hailstorm                Conj/Ice       0%         3d3       75%         3
 Airstrike                Air            0%         2d(0-16)  98%         4
 Summon Lightning Spire   Summ/Air       0%         N/A       98%         4
 Agony                    Necr           0%         N/A       100%        5
 Alistair's Intoxication  Tmut/Pois      0%         N/A       100%        5
 Fireball                 Conj/Fire      0%         3d3       100%        5
 Lightning Bolt           Conj/Air       0%         1d11      100%        5
 Silence                  Hex/Air        0%         N/A       100%        5
 Starburst                Conj/Fire      0%         6d3       100%        6
 Summon Hydra             Summ           0%         N/A       100%        7


Dungeon Overview and Level Annotations

Branches:
Dungeon (4/15)
 Temple: D:4-7

Altars:
Trog


Innate Abilities, Weirdness & Mutations

You are small and have problems with some larger weapons.
You are completely attuned to the shadows.


Message History

You kill the ball python!
Something hits you but does no damage.
You see here a ball python corpse.
You closely miss something.
You hear some strange, mumbled words.
A magic dart appears from out of thin air!
The magic dart hits you.
You hit something but do no damage. You closely miss something.
Something hits you.
You closely miss something. You hit something but do no damage.
Something hits you.
You closely miss something. You hit something. Something hits you.
You hit something but do no damage. You completely miss something.
Something hits you but does no damage.
You hit something. You closely miss something.
You hear some strange, mumbled words.
A magic dart appears from out of thin air!
The magic dart hits you.
* * * LOW HITPOINT WARNING * * *
You miss something. You hit something. You hit something but do no damage.
Something hits you but does no damage.
Unknown command.
You hit something but do no damage.
Unknown command.
You hit something but do no damage. Something completely misses you.
You barely miss something. You hit something but do no damage.
You hear some strange, mumbled words.
A puff of flame appears from out of thin air!
The puff of flame hits you.
* * * LOW HITPOINT WARNING * * *
You barely miss something. Something hits you.
* * * LOW HITPOINT WARNING * * *
A magic dart appears from out of thin air!
The magic dart hits you!
You die...

### ##.##
###############.#.##
#.......o{.@.#<###.##
#.##########..## ##.#
###.#.# ###.###.##
....#.# ##.#.##
#..#o# ##.## #..#.###
#.# #o)....# #.#
#.##)#.# #.# # #.#.#
#.#


You could see an orc.

Vanquished Creatures
  A black bear (D:4)
  An orc priest (D:4)
  Jessica (D:2)
  2 adders
  A worm (D:2)
  3 dart slugs
  8 orcs
  8 ball pythons
  7 endoplasms
  4 giant cockroaches
  9 goblins
  3 hobgoblins
  4 jackals (D:1)
  A quokka (D:2)
  3 bats
  2 frilled lizards
  7 kobolds
  6 rats
71 creatures vanquished.

Notes
Turn   | Place    | Note
-------+----------+-------------------------------------------
     0 | D:1      | cforsyth the Kobold Brigand began the quest for the Orb.
     0 | D:1      | Reached XP level 1. HP: 12/12 MP: 1/1
    64 | D:1      | Reached XP level 2. HP: 18/18 MP: 2/2
   515 | D:1      | Reached XP level 3. HP: 22/22 MP: 3/3
  1235 | D:2      | Noticed Jessica
  1240 | D:2      | Killed Jessica
  1241 | D:2      | Reached skill level 6 in Stealth
  1241 | D:2      | Reached XP level 4. HP: 28/28 MP: 4/4
  1639 | D:2      | Found a bloodstained altar of Trog.
  1973 | D:3      | Reached XP level 5. HP: 32/32 MP: 5/5
  1975 | D:3      | Found a faded altar of an unknown god.
  2598 | D:4      | Noticed a black bear
  2614 | D:4      | HP: 1/32 [black bear (4)]
  2627 | D:4      | Killed a black bear
  2628 | D:4      | Reached XP level 6. HP: 22/38 MP: 6/6
  2777 | D:4      | Killed from afar by an orc wizard

Illustrated notes

Levels and vault maps discovered:
D:1:      kennysheep_arrival_forest, layout_basic
D:2:      layout_basic, basic_altar, uniq_jessica
D:3:      layout_basic, basic_ecumenical_altar, minmay_door_square
D:4:      lemuel_castle_with_subvaults [lemuel_castle_interior_carwin_2],
          layout_loops_ring, biasface_ghost_orc_armoury, uniq_sigmund

Skill      XL: |  1  2  3  4  5 |
---------------+----------------+-----
Short Blades   | 3 4 |  4.7
Dodging        | 2 3 |  3.6
Fighting       | 3 |  3.9
Stealth        | 6 |  6.8
Throwing       | |  2.1

Action                     |  1- 3 |  4- 6 || total
---------------------------+-------+-------++-------
  Melee: Dagger            |    53 |    77 ||   130
         Punch             |     1 |     1 ||     2
         Short sword       |       |    63 ||    63
    Use: Scroll            |       |     1 ||     1
         Potion            |       |     5 ||     5
   Stab: Sleeping          |    20 |    16 ||    36
 Armour: Robe              |     5 |    33 ||    38
  Dodge: Dodged            |    18 |    77 ||    95

Table legend: (Time is in decaauts)
 A = Elapsed time spent in this place.
 B = Non-inter-level travel time spent in this place.
 C = Inter-level travel time spent in this place.
 D = Time resting spent in this place.
 E = Time spent auto-exploring this place.
 F = Levels seen in this place.
 G = Mean time per level.
                   A        B        C        D        E       F      G
               +--------+--------+--------+--------+--------+-----+--------+
         Total |   2718 |   2647 |     71 |    143 |   2105 |   4 |  679.5 |
       Dungeon |   2718 |   2647 |     71 |    143 |   2105 |   4 |  679.5 |
               +--------+--------+--------+--------+--------+-----+--------+

Top non-repeatable levels by time:
     D:1: 883 daAuts
     D:3: 849 daAuts
     D:2: 837 daAuts
     D:4: 148 daAuts
